 Dungeon Crawl Stone Soup version 0.22-a0-322-g60b3cfd (webtiles) character file.

583 galech the Ruffian (level 7, 0/68 HPs)
             Began as a Troll Monk on Apr 4, 2018.
             Slain by Pikel
             ... wielding a +1 whip of freezing
              (2 damage)
             ... on level 3 of the Dungeon.
             The game lasted 00:03:30 (2331 turns).

galech the Ruffian (Troll Monk)                     Turns: 2331, Time: 00:03:31

Health: 0/68       AC:  5    Str: 22    XL:     7   Next: 14%
Magic:  6/6        EV: 11    Int:  6    God:
Gold:   216        SH:  0    Dex: 12    Spells: 6/6 levels left

rFire    . . .     SeeInvis .     - Unarmed
rCold    . . .     Gourm    +   (no shield)
rNeg     . . .     Faith    .   a - +0 robe
rPois    .         Spirit   .   (helmet restricted)
rElec    .         Reflect  .   (no cloak)
rCorr    .         Harm     .   (gloves unavailable)
MR       .....                  (boots unavailable)
Stlth    ++........             (no amulet)
HPRegen  0.61/turn              (no ring)
MPRegen  0.10/turn              (no ring)

@: no status effects
A: large, unfitting armour, claws 3, fast metabolism 3, gourmand, regeneration
1, shaggy fur 1, tough skin 2
a: no special abilities


You were on level 3 of the Dungeon.
You were very full.

You visited 1 branch of the dungeon, and saw 4 of its levels.

You collected 216 gold pieces.

Inventory:

Armour
 a - a +0 robe (worn)
Wands
 o - a wand of flame (32)
 q - a wand of disintegration (11)
Scrolls
 c - a scroll of fear {unknown}
 d - 3 scrolls of remove curse {unknown}
 h - 3 scrolls of identify {unknown}
 m - 4 scrolls of teleportation {unknown}
 n - 2 scrolls of enchant armour {unknown}
Potions
 e - a potion of flight {unknown}
 f - a potion of haste {unknown}
 g - a potion of resistance
 i - a potion of cancellation {unknown}
 j - 2 potions of mutation {unknown}
 k - 2 potions of agility {unknown}
 l - a potion of lignification {unknown}
 p - a potion of heal wounds {unknown}
 r - a potion of curing {unknown}
Comestibles
 b - 7 rations


   Skills:
 + Level 3.9 Fighting
 + Level 4.0 Dodging
 - Level 1.1 Stealth
 * Level 6.2 Unarmed Combat


You had 6 spell levels left.
You didn't know any spells.

Dungeon Overview and Level Annotations

Branches:
Dungeon (4/15)
 Temple: D:4-7

Altars:
Fedhas
Kikubaaqudgha
Nemelex Xobeh

Annotations:
D:3 Pikel


Innate Abilities, Weirdness & Mutations

You are too large for most types of armour.
You have claws for hands.
Your metabolism is lightning-fast.
You like to eat raw meat.
Your natural rate of healing is unusually fast.
You are covered in fur. (AC +1)
You have very tough skin. (AC +2)


Message History

Pikel hits you but does no damage.
You closely miss Pikel.
Pikel is heavily wounded.
Pikel hits you with a whip of freezing.
* * * LOW HITPOINT WARNING * * *
Pikel freezes you.
* * * LOW HITPOINT WARNING * * *
You closely miss Pikel.
Pikel is heavily wounded.
Pikel hits you with a whip of freezing!
* * * LOW HITPOINT WARNING * * *
Pikel freezes you.
* * * LOW HITPOINT WARNING * * *
You scratch Pikel but do no damage.
Pikel is heavily wounded.
Pikel hits you but does no damage.
You barely miss Pikel. Your claw misses Pikel.
Pikel is heavily wounded.
Pikel hits you with a whip of freezing.
You die...

#.##......#####.######
#.##.......).........#
#.........#####.####.######
#####......# ### #......#
.........### #.####.#
.......#.######## #.####.#
.#.##..#.##.....# #....#.#
.#.....#.##.....#####.##.#.#
.#.....#.##.....@..##......#
.#.##..#.##....K##.#####.###
.........##.....##.##....#
.......#####....##.##.####
######.# #.##.##.##.# #.#
#.##.##.##.#
#.#####.......##.#
#.....####.#####.#
#.###.###<..# #.#


You could see Pikel.

Vanquished Creatures
  Grinder (D:4)
  Menkaure (D:4)
  3 slaves (D:4)
  An orc priest (D:3)
  2 orc wizards (D:4)
  An iguana (D:4)
  A worker ant (D:4)
  A hound skeleton (D:4)
  3 adders
  2 worms (D:2)
  A dart slug (D:1)
  2 leopard geckos
  9 orcs
  3 bat zombies (D:3)
  5 giant cockroaches
  5 goblins
  8 hobgoblins
  7 jackals
  8 kobolds
  A quokka (D:4)
  A ball python (D:4)
  3 bats
  8 frilled lizards
  A quokka skeleton (D:4)
  7 rats
  A rat zombie (D:3)
86 creatures vanquished.

Notes
Turn   | Place    | Note
-------+----------+-------------------------------------------
     0 | D:1      | galech the Troll Monk began the quest for the Orb.
     0 | D:1      | Reached XP level 1. HP: 22/22 MP: 0/0
    94 | D:1      | Reached XP level 2. HP: 29/29 MP: 1/1
   656 | D:2      | Reached XP level 3. HP: 36/36 MP: 2/2
  1067 | D:2      | Reached skill level 4 in Unarmed Combat
  1173 | D:3      | Found a sparkling altar of Nemelex Xobeh.
  1267 | D:3      | Reached XP level 4. HP: 44/44 MP: 3/3
  1537 | D:3      | Found an ancient bone altar of Kikubaaqudgha.
  1807 | D:4      | Reached XP level 5. HP: 53/53 MP: 4/4
  1831 | D:4      | Noticed a slave
  1832 | D:4      | Noticed a slave
  1833 | D:4      | Noticed a slave
  1862 | D:4      | Killed a slave
  1868 | D:4      | Killed a slave
  1980 | D:4      | Noticed Menkaure
  1989 | D:4      | Killed Menkaure
  1989 | D:4      | Reached skill level 5 in Unarmed Combat
  1989 | D:4      | Reached XP level 6. HP: 12/61 MP: 5/5
  2080 | D:4      | Noticed Grinder
  2088 | D:4      | Paralysed by Grinder for 5 turns
  2096 | D:4      | Killed Grinder
  2169 | D:4      | Found a blossoming altar of Fedhas.
  2197 | D:4      | Reached skill level 6 in Unarmed Combat
  2197 | D:4      | Reached XP level 7. HP: 49/68 MP: 6/6
  2273 | D:4      | Noticed Pikel
  2329 | D:3      | HP: 1/68 [Pikel/whip of freezing (4)]
  2331 | D:3      | Slain by Pikel

Vault maps used:
D:1:      dpeg_arrival_tiny_i
D:2:      first_ration
D:3:      nemelex_xobeh_ov_fountains_minmay, lemuel_zombie_altar_kikubaaqudgha
D:4:      lemuel_doored_altar, vehumet_statue, uniq_pikel, uniq_duvessa,
          uniq_grinder, uniq_menkaure

Skill      XL: |  1  2  3  4  5  6  7 |
---------------+----------------------+-----
Unarmed Combat | 4 5 6 |  6.2
Dodging        | 3 4 |  4.0
Fighting       | 3 |  3.9
Stealth        | |  1.1

Action                   |  1- 3 |  4- 6 |  7- 9 || total
-------------------------+-------+-------+-------++-------
Melee: Unarmed           |   102 |    91 |    42 ||   235
       Punch             |       |     1 |     2 ||     3
 Stab: Sleeping          |     4 |       |       ||     4
  Eat: Chunk             |    17 |     9 |       ||    26
Armor: Robe              |    23 |    20 |    14 ||    57
Dodge: Dodged            |    35 |    28 |    16 ||    79

Table legend:
 A = Spawn XP
 B = Non-spawn XP
 C = Spawn XP percentage of total XP
 D = Spawn monster count
 E = Non-spawn monster count
 F = Spawn count percentage of total count
 G = Total turns spent on level
                    A         B        C        D         E        F      G
               +---------+---------+-------+---------+---------+-------+---------
         Total |       0 |     833 |   0.0 |       0 |      83 |   0.0 |  2331
               +---------+---------+-------+---------+---------+-------+---------
           D:1 |       0 |      33 |   0.0 |       0 |      18 |   0.0 |   573
           D:2 |       0 |      51 |   0.0 |       0 |      20 |   0.0 |   598
           D:3 |       0 |      92 |   0.0 |       0 |      23 |   0.0 |   627
           D:4 |       0 |     657 |   0.0 |       0 |      22 |   0.0 |   533
               +---------+---------+-------+---------+---------+-------+---------
